WCHLSIM.com - West Coast Hockey League
html PUBLIC "-//W3C//DTD XHTML 1.0 Transitional//EN" "http://www.w3.org/TR/xhtml1/DTD/xhtml1-transitional.dtd"> WCHL - Game 1175 - SAN DIEGO THUNDER vs ANCHORAGE ACES

SAN DIEGO THUNDER vs ANCHORAGE ACES

Created - 4 avril 2024 at 21:54

Goals
1 2 3 T
SAN DIEGO THUNDER 0 1 0 1
ANCHORAGE ACES 2 1 2 5
Shots
1 2 3 T
SAN DIEGO THUNDER 6 8 5 19
ANCHORAGE ACES 15 6 9 30

1st period

1. ANCHORAGE ACES , Connor McDavid 34 (Phillip Danault 40, Nathan MacKinnon 39) at 11:43 (PP)
2. ANCHORAGE ACES , Connor McDavid 35 (Filip Hronek 42) at 17:52

Penalties :
Erik Cernak (SDG) for Hooking (Minor) at 0:06, Erik Cernak (SDG) for Hooking (Minor) at 10:31

2nd period

3. ANCHORAGE ACES , Alex Killorn 19 (Yegor Sharangovich 22, Filip Hronek 43) at 1:05
4. SAN DIEGO THUNDER , Drake Batherson 29 (Eetu Luostarinen 16, Charles McAvoy 44) at 19:27

Penalties :
Drake Batherson (SDG) for High sticking (Minor) at 1:48, Alexander DeBrincat (ANC) for Slashing (Minor) at 7:29, Alex Killorn (ANC) for Roughing (Minor) at 16:34

3rd period

5. ANCHORAGE ACES , Chris Kreider 28 (Connor McDavid 47, Jakob Chychrun 28) at 3:57
6. ANCHORAGE ACES , Marcus Johansson 12 (Jack Johnson 4) at 10:31

Penalties :
Seth Jones (ANC) for High sticking (Double Minor) at 4:43, Jani Hakanpaa (ANC) for Hooking (Minor) at 13:29

Goalie Stats

Connor Hellebuyck (SDG), 25 saves from 30 shots - (0,833), L, 24-31-7, 60:00 minutes
Jaroslav Halak (ANC), 18 saves from 19 shots - (0,947), W, 3-4-0, 60:00 minutes

Players Stats for SAN DIEGO THUNDER

Player Name              G  A  P  +/- PIM S  H  SB GA TA FO     MP     PP MP  PK MP  
------------------------------------------------------------------------------------
Adam Boqvist             0  0  0  -2  0   0  1  0  0  0  0/0    16:32   0:08   0:45 
Charles McAvoy           0  1  1   1  0   2  1  1  0  0  0/0    23:25   4:13   3:37 
Connor Murphy            0  0  0  -2  0   1  1  2  0  0  0/0    21:55   5:43   3:10 
Derek Forbort            0  0  0  -2  0   0  0  1  0  0  0/0    21:01   5:43   1:38 
Dmitri Voronkov          0  0  0   0  0   1  3  0  0  0  2/5    19:28   4:38   2:37 
Drake Batherson          1  0  1   0  2   7  2  0  0  0  1/6    20:05   4:38   0:00 
Eetu Luostarinen         0  1  1   0  0   1  0  0  0  0  4/14   15:53   0:00   0:12 
Erik Cernak              0  0  0   1  4   1  1  0  0  0  0/0    21:26   4:05   1:10 
Filip Zadina             0  0  0   0  0   0  1  0  0  0  1/2    17:31   5:18   0:00 
Isac Lundestrom          0  0  0  -2  0   0  0  0  0  0  0/1    17:23   5:10   2:49 
Joel Armia               0  0  0  -1  0   1  0  0  0  0  0/0     7:36   0:00   0:00 
Joel Farabee             0  0  0   0  0   4  1  0  0  0  1/4    22:27   4:38   2:21 
Luke Kunin               0  0  0  -2  0   0  4  0  0  0  1/1     9:37   0:00   0:00 
Mark Kastelic            0  0  0  -1  0   0  1  0  0  0  2/6     7:44   0:08   0:00 
Nicklaus Perbix          0  0  0  -2  0   0  1  1  0  0  0/0    15:39   0:00   0:00 
Radek Faksa              0  0  0  -2  0   1  0  0  0  0  4/8     9:37   0:00   0:00 
Steven Lorentz           0  0  0  -1  0   0  0  0  0  0  0/0     7:36   0:00   0:00 
Wyatt Johnston           0  0  0   0  0   0  0  0  0  0  6/18   19:52   5:18   2:21 

Players Stats for ANCHORAGE ACES

Player Name              G  A  P  +/- PIM S  H  SB GA TA FO     MP     PP MP  PK MP  
------------------------------------------------------------------------------------
Alex Killorn             1  0  1   0  2   4  2  0  0  0  0/2    20:05   2:46   4:14 
Alexander DeBrincat      0  0  0   2  2   4  2  0  0  0  0/0    17:15   2:11   0:47 
Chris Kreider            1  0  1   2  0   2  0  0  0  0  1/2    14:18   0:00   0:00 
Connor McDavid           2  1  3   2  0   3  1  0  0  0  6/13   16:42   2:24   0:00 
Erik Haula               0  0  0   0  0   5  0  0  0  0  16/22  22:38   2:46   3:47 
Filip Hronek             0  2  2   2  0   0  2  1  0  0  0/0    23:54   2:59   4:59 
Jack Johnson             0  1  1   0  0   0  0  1  0  0  0/0    11:06   0:00   0:20 
Jakob Chychrun           0  1  1   1  0   1  1  0  0  0  0/0    21:15   2:59   3:08 
Jani Hakanpaa            0  0  0   0  2   0  1  2  0  0  0/0    14:46   0:00   4:01 
Marcus Johansson         1  0  1   1  0   2  0  0  0  0  2/3    14:43   0:00   0:12 
Nathan MacKinnon         0  1  1   1  0   2  1  0  0  0  0/0    18:28   2:24   1:33 
Phillip Danault          0  1  1   1  0   2  1  0  0  0  17/22  22:27   2:24   5:32 
Robert Bortuzzo          0  0  0   0  0   0  0  0  0  0  0/0     3:04   0:00   0:00 
Ryan Pulock              0  0  0   2  0   0  1  1  0  0  0/0    19:56   0:00   4:00 
Sam Gagner               0  0  0   0  0   0  0  0  0  0  0/0     2:59   0:00   0:00 
Seth Jones               0  0  0   1  4   1  0  0  0  0  0/0    23:46   2:11   3:24 
Sheldon Dries            0  0  0   0  0   0  0  0  0  0  0/0     2:59   0:00   0:00 
Yegor Sharangovich       0  1  1   0  0   4  1  0  0  0  1/1    19:39   2:46   3:47 

3 Stars

1 - Connor McDavid (ANC)
2 - Filip Hronek (ANC)
3 - Chris Kreider (ANC)

Power Play

SAN DIEGO THUNDER - 0 on 5 Attempt(s) - 0,00%
ANCHORAGE ACES - 1 on 3 Attempt(s) - 33,33%

Penalty Kill

SAN DIEGO THUNDER - 2 on 3 Attempt(s) - 66,67% - Score 0 goal in Penalty Kill
ANCHORAGE ACES - 5 on 5 Attempt(s) - 100,00% - Score 0 goal in Penalty Kill

Team Stat

SAN DIEGO THUNDER - Hits : 17 - Faceoff Wins : 22 - Blocked Shots : 5 - Penalty Minutes : 6
ANCHORAGE ACES - Hits : 13 - Faceoff Wins : 43 - Blocked Shots : 5 - Penalty Minutes : 10

Official

Referees : Eric Furlatt and Francis Charron
Linesman : Brad Kovachik and Dennis Urban

Game Notes

No Game Note

Finance

Level 1 -- Attendance: 5060 (84,33%) -- Ticket Income 1 012 000 $
Level 2 -- Attendance: 5000 (100,00%) -- Ticket Income 625 000 $
Level 3 -- Attendance: 2000 (100,00%) -- Ticket Income 208 000 $
Level 4 -- Attendance: 4000 (100,00%) -- Ticket Income 280 000 $
Luxury Box -- Attendance: 1000 (100,00%) -- Ticket Income 325 000 $
Game was played at the Alaska Center.
Total Attendance: 17060 (94,78%)
Total Ticket Income: 2 450 000 $
Other Expense: 24 500 $
Total Income: 2 425 500 $

SAN DIEGO THUNDER

5 vs 5 Forward 
   Center                   Left Wing                Right Wing               Time % Phy DF OF 
 1 Eetu Luostarinen         Joel Farabee             Drake Batherson          36     3   1  1  
 2 Wyatt Johnston           Dmitri Voronkov          Filip Zadina             31     3   1  1  
 3 Radek Faksa              Isac Lundestrom          Luke Kunin               23     2   2  1  
 4 Mark Kastelic            Steven Lorentz           Joel Armia               10     3   1  1  

5 vs 5 Defense 
   Defense                  Defense                                           Time % Phy DF OF 
 1 Charles McAvoy           Erik Cernak                                       38     2   2  1  
 2 Connor Murphy            Derek Forbort                                     32     2   2  1  
 3 Adam Boqvist             Nicklaus Perbix                                   20     2   2  1  
 4 Derek Forbort            Erik Cernak                                       10     2   2  1  

PowerPlay Forward 
   Center                   Left Wing                Right Wing               Time % Phy DF OF 
 1 Drake Batherson          Dmitri Voronkov          Joel Farabee             55     0   1  4  
 2 Wyatt Johnston           Isac Lundestrom          Filip Zadina             45     0   1  4  

PowerPlay Defense
   Defense                  Defense                                           Time % Phy DF OF 
 1 Charles McAvoy           Erik Cernak                                       55     1   2  2  
 2 Connor Murphy            Derek Forbort                                     45     1   2  2  

Penalty Kill 4 Players Forward 
   Center                   Wing                     Time % Phy DF OF 
 1 Dmitri Voronkov          Isac Lundestrom          55     1   2  2  
 2 Joel Farabee             Wyatt Johnston           45     1   2  2  

Penalty Kill 4 Players Defense
   Defense                  Defense                  Time % Phy DF OF 
 1 Charles McAvoy           Erik Cernak              55     1   2  2  
 2 Connor Murphy            Derek Forbort            45     1   2  2  

Penalty Kill - 3 Players Forward 
   Forward                                           Time % Phy DF OF 
 1 Eetu Luostarinen                                  55     1   2  2  
 2 Joel Farabee                                      45     1   2  2  

Penalty Kill - 3 Players Defense
   Defense                  Defense                  Time % Phy DF OF 
 1 Charles McAvoy           Erik Cernak              55     1   2  2  
 2 Connor Murphy            Derek Forbort            45     1   2  2  

4 vs 4 Forward 
   Center                   Wing                     Time % Phy DF OF 
 1 Drake Batherson          Isac Lundestrom          55     1   2  2  
 2 Joel Farabee             Wyatt Johnston           45     1   2  2  

4 vs 4 Defense
   Defense                  Defense                  Time % Phy DF OF 
 1 Charles McAvoy           Erik Cernak              55     1   2  2  
 2 Connor Murphy            Derek Forbort            45     1   2  2  

Last Minutes Offensive
   Center                   Left Wing                Right Wing               Defense                  Defense                  
   Drake Batherson          Dmitri Voronkov          Joel Farabee             Charles McAvoy           Erik Cernak              

Last Minutes Defensive
   Center                   Left Wing                Right Wing               Defense                  Defense                  
   Drake Batherson          Dmitri Voronkov          Joel Farabee             Charles McAvoy           Erik Cernak              

Goaltenders
Starting : Connor Hellebuyck        
Backup : Akira Schmid             

Extra Forwards
Normal : Mark Kastelic, Drake Batherson, Eetu Luostarinen - PP : Mark Kastelic, Joel Farabee - PK : Eetu Luostarinen
Extra Defensemen
Normal : Adam Boqvist, Charles McAvoy, Connor Murphy - PP : Adam Boqvist - PK : Charles McAvoy, Connor Murphy
Penalty Shots
Drake Batherson, Eetu Luostarinen, Joel Farabee, Wyatt Johnston, Isac Lundestrom
Custom OT Lines Forwards
Drake Batherson, Eetu Luostarinen, Joel Farabee, Wyatt Johnston, Isac Lundestrom, Radek Faksa, Dmitri Voronkov, Filip Zadina, Joel Armia, Mark Kastelic
Custom OT Lines Defensemen
Charles McAvoy, Erik Cernak, Connor Murphy, Derek Forbort, Adam Boqvist

Scratches
None

ANCHORAGE ACES

5 vs 5 Forward 
   Center                   Left Wing                Right Wing               Time % Phy DF OF 
 1 Phillip Danault          Marcus Johansson         Nathan MacKinnon         33     0   1  4  
 2 Connor McDavid           Chris Kreider            Alexander DeBrincat      33     0   1  4  
 3 Erik Haula               Alex Killorn             Yegor Sharangovich       31     0   1  3  
 4 Erik Haula               Sheldon Dries            Sam Gagner               3      1   2  2  

5 vs 5 Defense 
   Defense                  Defense                                           Time % Phy DF OF 
 1 Seth Jones               Jakob Chychrun                                    35     1   2  2  
 2 Filip Hronek             Ryan Pulock                                       35     1   2  2  
 3 Jani Hakanpaa            Jack Johnson                                      23     1   2  2  
 4 Robert Bortuzzo          Seth Jones                                        7      1   2  2  

PowerPlay Forward 
   Center                   Left Wing                Right Wing               Time % Phy DF OF 
 1 Connor McDavid           Phillip Danault          Nathan MacKinnon         54     0   0  5  
 2 Erik Haula               Alex Killorn             Yegor Sharangovich       46     0   1  4  

PowerPlay Defense
   Defense                  Defense                                           Time % Phy DF OF 
 1 Filip Hronek             Jakob Chychrun                                    55     1   1  3  
 2 Alexander DeBrincat      Seth Jones                                        45     1   2  2  

Penalty Kill 4 Players Forward 
   Center                   Wing                     Time % Phy DF OF 
 1 Phillip Danault          Alex Killorn             55     1   2  2  
 2 Erik Haula               Yegor Sharangovich       45     1   2  2  

Penalty Kill 4 Players Defense
   Defense                  Defense                  Time % Phy DF OF 
 1 Seth Jones               Jani Hakanpaa            55     1   2  2  
 2 Ryan Pulock              Filip Hronek             45     1   2  2  

Penalty Kill - 3 Players Forward 
   Forward                                           Time % Phy DF OF 
 1 Phillip Danault                                   55     1   2  2  
 2 Erik Haula                                        45     1   2  2  

Penalty Kill - 3 Players Defense
   Defense                  Defense                  Time % Phy DF OF 
 1 Seth Jones               Filip Hronek             55     1   2  2  
 2 Ryan Pulock              Jani Hakanpaa            45     1   2  2  

4 vs 4 Forward 
   Center                   Wing                     Time % Phy DF OF 
 1 Nathan MacKinnon         Connor McDavid           55     1   2  2  
 2 Phillip Danault          Chris Kreider            45     1   2  2  

4 vs 4 Defense
   Defense                  Defense                  Time % Phy DF OF 
 1 Jakob Chychrun           Seth Jones               55     1   2  2  
 2 Jani Hakanpaa            Filip Hronek             45     1   2  2  

Last Minutes Offensive
   Center                   Left Wing                Right Wing               Defense                  Defense                  
   Connor McDavid           Phillip Danault          Nathan MacKinnon         Seth Jones               Filip Hronek             

Last Minutes Defensive
   Center                   Left Wing                Right Wing               Defense                  Defense                  
   Connor McDavid           Phillip Danault          Nathan MacKinnon         Seth Jones               Filip Hronek             

Goaltenders
Starting : Jaroslav Halak           
Backup : Darcy Kuemper            

Extra Forwards
Normal : Connor McDavid, Phillip Danault, Chris Kreider - PP : Erik Haula, Phillip Danault - PK : Nathan MacKinnon
Extra Defensemen
Normal : Ryan Pulock, Jani Hakanpaa, Jack Johnson - PP : Robert Bortuzzo - PK : Filip Hronek, Seth Jones
Penalty Shots
Nathan MacKinnon, Alexander DeBrincat, Connor McDavid, Alex Killorn, Chris Kreider
Custom OT Lines Forwards
Nathan MacKinnon, Alex Killorn, Connor McDavid, Phillip Danault, Chris Kreider, Alexander DeBrincat, Yegor Sharangovich, Erik Haula, Marcus Johansson, Sam Gagner
Custom OT Lines Defensemen
Filip Hronek, Seth Jones, Jakob Chychrun, Ryan Pulock, Jani Hakanpaa

Scratches
None


% Time on Ice - SAN DIEGO THUNDER

Lines # - Real PCT - Wanted PCT - Time Play
Normal Forward
1 - 34% - 36% - 15:28
2 - 27% - 31% - 12:13
3 - 21% - 23% - 9:37
4 - 17% - 10% - 7:36
Normal Defense
1 - 35% - 38% - 15:35
2 - 29% - 32% - 13:02
3 - 35% - 20% - 15:39
4 - 1% - 10% - 0:38
PP Forward
1 - 47% - 55% - 4:38
2 - 53% - 45% - 5:18
PP Defense
1 - 41% - 55% - 4:05
2 - 59% - 45% - 5:51
PK Forward
1 - 55% - 55% - 2:49
2 - 45% - 45% - 2:21
PK Defense
1 - 68% - 55% - 3:32
2 - 32% - 45% - 1:38
PK3 Forward
1 - 0% - 55%
2 - 0% - 45%
PK3 Defense
1 - 0% - 55%
2 - 0% - 45%
44 Forward
1 - 0% - 55%
2 - 0% - 45%
44 Defense
1 - 0% - 55%
2 - 0% - 45%
Last Minute Offensive  - 0:00
Last Minute Defensive  - 0:00
Total
Forward - 60:00
Defense - 60:00

% Time on Ice - ANCHORAGE ACES

Lines # - Real PCT - Wanted PCT - Time Play
Normal Forward
1 - 32% - 33% - 14:31
2 - 32% - 33% - 14:18
3 - 29% - 31% - 13:06
4 - 7% - 3% - 2:59
Normal Defense
1 - 34% - 35% - 15:08
2 - 35% - 35% - 15:56
3 - 24% - 23% - 10:46
4 - 7% - 7% - 3:04
PP Forward
1 - 46% - 54% - 2:24
2 - 54% - 46% - 2:46
PP Defense
1 - 58% - 55% - 2:59
2 - 42% - 45% - 2:11
PK Forward
1 - 62% - 55% - 6:09
2 - 38% - 45% - 3:47
PK Defense
1 - 60% - 55% - 5:56
2 - 40% - 45% - 4:00
PK3 Forward
1 - 0% - 55%
2 - 0% - 45%
PK3 Defense
1 - 0% - 55%
2 - 0% - 45%
44 Forward
1 - 0% - 55%
2 - 0% - 45%
44 Defense
1 - 0% - 55%
2 - 0% - 45%
Last Minute Offensive  - 0:00
Last Minute Defensive  - 0:00
Total
Forward - 60:00
Defense - 60:00

Play-by-Play

1st period


0:01 of 1st period - Marcus Johansson wins face-off versus Eetu Luostarinen in neutral zone.
0:06 of 1st period - Shot by Phillip Danault.
0:06 of 1st period - Stopped by Connor Hellebuyck without a rebound.
0:06 of 1st period - Minor Penalty to Erik Cernak for Hooking.
0:07 of 1st period - Dmitri Voronkov wins face-off versus Connor McDavid in SAN DIEGO THUNDER zone.
0:07 of 1st period - Dmitri Voronkov is hit by Connor McDavid.
0:33 of 1st period - Shot by Nathan MacKinnon.
0:33 of 1st period - Stopped by Connor Hellebuyck with a rebound.
0:35 of 1st period - Shot by Filip Hronek.
0:35 of 1st period - Shot Misses the Net.
0:37 of 1st period - Shot by Filip Hronek.
0:37 of 1st period - Shot Misses the Net.
0:59 of 1st period - Filip Hronek is hit by Dmitri Voronkov and loses puck.
1:19 of 1st period - Icing by Yegor Sharangovich.
1:20 of 1st period - Erik Haula wins face-off versus Joel Farabee in ANCHORAGE ACES zone.
1:39 of 1st period - Shot by Yegor Sharangovich.
1:39 of 1st period - Stopped by Connor Hellebuyck without a rebound.
1:40 of 1st period - Erik Haula wins face-off versus Dmitri Voronkov in SAN DIEGO THUNDER zone.
1:52 of 1st period - Off-side.
1:53 of 1st period - Erik Haula wins face-off versus Dmitri Voronkov in neutral zone.
2:00 of 1st period - Shot by Alex Killorn.
2:00 of 1st period - Shot Misses the Net.
2:09 of 1st period - Icing by Phillip Danault.
2:10 of 1st period - Phillip Danault wins face-off versus Eetu Luostarinen in ANCHORAGE ACES zone.
2:23 of 1st period - Shot by Eetu Luostarinen.
2:23 of 1st period - Deflect By Drake Batherson.
2:23 of 1st period - Shot Blocked by Filip Hronek.
3:17 of 1st period - Off-side.
3:18 of 1st period - Erik Haula wins face-off versus Wyatt Johnston in neutral zone.
3:37 of 1st period - Shot by Yegor Sharangovich.
3:37 of 1st period - Deflect By Erik Haula.
3:37 of 1st period - Stopped by Connor Hellebuyck without a rebound.
3:38 of 1st period - Connor McDavid wins face-off versus Radek Faksa in SAN DIEGO THUNDER zone.
3:39 of 1st period - Shot by Alexander DeBrincat.
3:39 of 1st period - Stopped by Connor Hellebuyck without a rebound.
3:40 of 1st period - Connor McDavid wins face-off versus Radek Faksa in SAN DIEGO THUNDER zone.
4:20 of 1st period - Shot by Radek Faksa.
4:20 of 1st period - Shot Misses the Net.
4:49 of 1st period - Charles McAvoy is hit by Jani Hakanpaa and loses puck.
5:34 of 1st period - Shot by Joel Farabee.
5:34 of 1st period - Stopped by Jaroslav Halak without a rebound.
5:35 of 1st period - Mark Kastelic wins face-off versus Phillip Danault in ANCHORAGE ACES zone.
5:42 of 1st period - Shot by Steven Lorentz.
5:42 of 1st period - Shot Blocked by Ryan Pulock.
5:53 of 1st period - Shot by Nathan MacKinnon.
5:53 of 1st period - Stopped by Connor Hellebuyck without a rebound.
5:54 of 1st period - Radek Faksa wins face-off versus Connor McDavid in SAN DIEGO THUNDER zone.
6:11 of 1st period - Connor McDavid is hit by Adam Boqvist and loses puck.
6:20 of 1st period - Shot by Alexander DeBrincat.
6:20 of 1st period - Stopped by Connor Hellebuyck without a rebound.
6:21 of 1st period - Phillip Danault wins face-off versus Eetu Luostarinen in SAN DIEGO THUNDER zone.
6:47 of 1st period - Nathan MacKinnon is hit by Charles McAvoy and loses puck.
7:09 of 1st period - Icing by Ryan Pulock.
7:10 of 1st period - Phillip Danault wins face-off versus Wyatt Johnston in ANCHORAGE ACES zone.
7:57 of 1st period - Shot by Yegor Sharangovich.
7:57 of 1st period - Stopped by Connor Hellebuyck with a rebound.
9:07 of 1st period - Shot by Drake Batherson.
9:07 of 1st period - Stopped by Jaroslav Halak without a rebound.
9:08 of 1st period - Mark Kastelic wins face-off versus Phillip Danault in ANCHORAGE ACES zone.
9:17 of 1st period - Shot by Joel Armia.
9:17 of 1st period - Stopped by Jaroslav Halak without a rebound.
9:18 of 1st period - Phillip Danault wins face-off versus Eetu Luostarinen in ANCHORAGE ACES zone.
9:27 of 1st period - Shot by Seth Jones.
9:27 of 1st period - Stopped by Connor Hellebuyck without a rebound.
9:28 of 1st period - Erik Haula wins face-off versus Mark Kastelic in SAN DIEGO THUNDER zone.
10:01 of 1st period - Icing by Joel Armia.
10:02 of 1st period - Connor McDavid wins face-off versus Mark Kastelic in SAN DIEGO THUNDER zone.
10:31 of 1st period - Minor Penalty to Erik Cernak for Hooking.
10:32 of 1st period - Erik Haula wins face-off versus Dmitri Voronkov in SAN DIEGO THUNDER zone.
11:41 of 1st period - Shot by Phillip Danault.
11:41 of 1st period - Stopped by Connor Hellebuyck with a rebound.
11:43 of 1st period - Shot by Connor McDavid.
11:43 of 1st period - Goal by Connor McDavid - SAN DIEGO THUNDER : 0 - ANCHORAGE ACES : 1.
11:44 of 1st period - Phillip Danault wins face-off versus Radek Faksa in neutral zone.
12:21 of 1st period - Off-side.
12:22 of 1st period - Yegor Sharangovich wins face-off versus Eetu Luostarinen in neutral zone.
12:57 of 1st period - Shot by Drake Batherson.
12:57 of 1st period - Stopped by Jaroslav Halak with a rebound.
13:22 of 1st period - Filip Hronek is hit by Dmitri Voronkov and loses puck.
13:45 of 1st period - Shot by Wyatt Johnston.
13:45 of 1st period - Shot Misses the Net.
14:41 of 1st period - Shot by Alexander DeBrincat.
14:41 of 1st period - Shot Blocked by Connor Murphy.
15:18 of 1st period - Phillip Danault is hit by Nicklaus Perbix and loses puck.
15:43 of 1st period - Shot by Marcus Johansson.
15:43 of 1st period - Shot Blocked by Nicklaus Perbix.
15:45 of 1st period - Shot by Marcus Johansson.
15:45 of 1st period - Stopped by Connor Hellebuyck with a rebound.
16:36 of 1st period - Icing by Erik Cernak.
16:37 of 1st period - Connor McDavid wins face-off versus Wyatt Johnston in SAN DIEGO THUNDER zone.
16:53 of 1st period - Shot by Alexander DeBrincat.
16:53 of 1st period - Stopped by Connor Hellebuyck without a rebound.
16:54 of 1st period - Phillip Danault wins face-off versus Mark Kastelic in SAN DIEGO THUNDER zone.
17:36 of 1st period - Shot by Jani Hakanpaa.
17:36 of 1st period - Shot Misses the Net.
17:52 of 1st period - Shot by Connor McDavid.
17:52 of 1st period - Goal by Connor McDavid - SAN DIEGO THUNDER : 0 - ANCHORAGE ACES : 2.
17:53 of 1st period - Filip Zadina wins face-off versus Connor McDavid in neutral zone.
18:18 of 1st period - Shot by Connor McDavid.
18:18 of 1st period - Stopped by Connor Hellebuyck without a rebound.
18:19 of 1st period - Eetu Luostarinen wins face-off versus Alex Killorn in SAN DIEGO THUNDER zone.
18:26 of 1st period - Shot by Drake Batherson.
18:26 of 1st period - Deflect By Joel Farabee.
18:26 of 1st period - Stopped by Jaroslav Halak with a rebound.
18:57 of 1st period - Off-side.
18:58 of 1st period - Wyatt Johnston wins face-off versus Chris Kreider in neutral zone.
19:05 of 1st period - Shot by Dmitri Voronkov.
19:05 of 1st period - Stopped by Jaroslav Halak with a rebound.
19:15 of 1st period - Shot by Dmitri Voronkov.
19:15 of 1st period - Shot Misses the Net.
19:26 of 1st period - Connor McDavid is hit by Dmitri Voronkov and loses puck.
Goals for this period are 0 for SAN DIEGO THUNDER vs 2 for ANCHORAGE ACES.
Shots for this period are 6 for SAN DIEGO THUNDER vs 15 for ANCHORAGE ACES.

2nd period


0:01 of 2nd period - Phillip Danault wins face-off versus Wyatt Johnston in neutral zone.
0:20 of 2nd period - Shot by Phillip Danault.
0:20 of 2nd period - Shot Misses the Net.
0:57 of 2nd period - Off-side.
0:58 of 2nd period - Erik Haula wins face-off versus Eetu Luostarinen in neutral zone.
1:05 of 2nd period - Shot by Alex Killorn.
1:05 of 2nd period - Goal by Alex Killorn - SAN DIEGO THUNDER : 0 - ANCHORAGE ACES : 3.
1:06 of 2nd period - Drake Batherson wins face-off versus Erik Haula in neutral zone.
1:11 of 2nd period - Filip Hronek is hit by Joel Farabee and loses puck.
1:19 of 2nd period - Yegor Sharangovich is hit by Drake Batherson.
1:48 of 2nd period - Minor Penalty to Drake Batherson for High sticking.
1:49 of 2nd period - Dmitri Voronkov wins face-off versus Connor McDavid in SAN DIEGO THUNDER zone.
1:49 of 2nd period - Dmitri Voronkov is hit by Nathan MacKinnon.
2:54 of 2nd period - Shot by Erik Haula.
2:54 of 2nd period - Stopped by Connor Hellebuyck with a rebound.
2:56 of 2nd period - Shot by Filip Hronek.
2:56 of 2nd period - Shot Blocked by Connor Murphy.
2:58 of 2nd period - Shot by Erik Haula.
2:58 of 2nd period - Shot Misses the Net.
3:00 of 2nd period - Shot by Filip Hronek.
3:00 of 2nd period - Shot Misses the Net.
3:02 of 2nd period - Shot by Jakob Chychrun.
3:02 of 2nd period - Stopped by Connor Hellebuyck with a rebound.
3:06 of 2nd period - Shot by Yegor Sharangovich.
3:06 of 2nd period - Deflect By Alex Killorn.
3:06 of 2nd period - Shot Blocked by Derek Forbort.
3:08 of 2nd period - Shot by Alex Killorn.
3:08 of 2nd period - Stopped by Connor Hellebuyck without a rebound.
3:09 of 2nd period - Erik Haula wins face-off versus Joel Farabee in SAN DIEGO THUNDER zone.
3:24 of 2nd period - Shot by Filip Hronek.
3:24 of 2nd period - Shot Misses the Net.
3:39 of 2nd period - Jakob Chychrun is hit by Erik Cernak and loses puck.
4:47 of 2nd period - Shot by Drake Batherson.
4:47 of 2nd period - Stopped by Jaroslav Halak without a rebound.
4:48 of 2nd period - Wyatt Johnston wins face-off versus Phillip Danault in ANCHORAGE ACES zone.
6:34 of 2nd period - Filip Hronek is hit by Luke Kunin.
6:54 of 2nd period - Yegor Sharangovich is hit by Luke Kunin and loses puck.
7:05 of 2nd period - Erik Haula is hit by Luke Kunin and loses puck.
7:28 of 2nd period - Shot by Alexander DeBrincat.
7:28 of 2nd period - Shot Misses the Net.
7:29 of 2nd period - Minor Penalty to Alexander DeBrincat for Slashing.
7:30 of 2nd period - Phillip Danault wins face-off versus Drake Batherson in ANCHORAGE ACES zone.
7:30 of 2nd period - Phillip Danault is hit by Drake Batherson.
7:44 of 2nd period - Shot by Drake Batherson.
7:44 of 2nd period - Shot Misses the Net.
7:46 of 2nd period - Shot by Derek Forbort.
7:46 of 2nd period - Shot Misses the Net.
9:22 of 2nd period - Shot by Drake Batherson.
9:22 of 2nd period - Shot Misses the Net.
10:08 of 2nd period - Connor McDavid is hit by Mark Kastelic and loses puck.
10:26 of 2nd period - Icing by Connor McDavid.
10:27 of 2nd period - Wyatt Johnston wins face-off versus Connor McDavid in ANCHORAGE ACES zone.
10:34 of 2nd period - Shot by Dmitri Voronkov.
10:34 of 2nd period - Shot Misses the Net.
10:36 of 2nd period - Shot by Erik Cernak.
10:36 of 2nd period - Stopped by Jaroslav Halak with a rebound.
10:38 of 2nd period - Shot by Charles McAvoy.
10:38 of 2nd period - Stopped by Jaroslav Halak without a rebound.
10:39 of 2nd period - Eetu Luostarinen wins face-off versus Marcus Johansson in ANCHORAGE ACES zone.
10:58 of 2nd period - Shot by Joel Farabee.
10:58 of 2nd period - Stopped by Jaroslav Halak without a rebound.
10:59 of 2nd period - Erik Haula wins face-off versus Radek Faksa in ANCHORAGE ACES zone.
10:59 of 2nd period - Alex Killorn is hit by Luke Kunin and loses puck.
11:06 of 2nd period - Shot by Erik Haula.
11:06 of 2nd period - Stopped by Connor Hellebuyck without a rebound.
11:07 of 2nd period - Erik Haula wins face-off versus Wyatt Johnston in SAN DIEGO THUNDER zone.
12:33 of 2nd period - Eetu Luostarinen is hit by Filip Hronek and loses puck.
12:37 of 2nd period - Joel Farabee is hit by Filip Hronek and loses puck.
14:44 of 2nd period - Shot by Yegor Sharangovich.
14:44 of 2nd period - Stopped by Connor Hellebuyck without a rebound.
14:45 of 2nd period - Erik Haula wins face-off versus Eetu Luostarinen in SAN DIEGO THUNDER zone.
14:46 of 2nd period - Shot by Alex Killorn.
14:46 of 2nd period - Shot Misses the Net.
14:49 of 2nd period - Icing by Erik Cernak.
14:50 of 2nd period - Eetu Luostarinen wins face-off versus Alex Killorn in SAN DIEGO THUNDER zone.
15:10 of 2nd period - Shot by Drake Batherson.
15:10 of 2nd period - Stopped by Jaroslav Halak with a rebound.
15:12 of 2nd period - Shot by Erik Cernak.
15:12 of 2nd period - Shot Misses the Net.
15:14 of 2nd period - Shot by Eetu Luostarinen.
15:14 of 2nd period - Stopped by Jaroslav Halak without a rebound.
15:15 of 2nd period - Chris Kreider wins face-off versus Wyatt Johnston in ANCHORAGE ACES zone.
15:26 of 2nd period - Icing by Seth Jones.
15:27 of 2nd period - Connor McDavid wins face-off versus Eetu Luostarinen in ANCHORAGE ACES zone.
15:46 of 2nd period - Drake Batherson is hit by Alexander DeBrincat and loses puck.
16:16 of 2nd period - Icing by Erik Cernak.
16:17 of 2nd period - Erik Haula wins face-off versus Eetu Luostarinen in SAN DIEGO THUNDER zone.
16:23 of 2nd period - Off-side.
16:24 of 2nd period - Erik Haula wins face-off versus Wyatt Johnston in neutral zone.
16:34 of 2nd period - Minor Penalty to Alex Killorn for Roughing.
16:35 of 2nd period - Phillip Danault wins face-off versus Isac Lundestrom in ANCHORAGE ACES zone.
18:17 of 2nd period - Wyatt Johnston is hit by Ryan Pulock and loses puck.
18:24 of 2nd period - Shot by Isac Lundestrom.
18:24 of 2nd period - Deflect By Wyatt Johnston.
18:24 of 2nd period - Shot Hit the Post.
19:02 of 2nd period - Off-side.
19:03 of 2nd period - Joel Farabee wins face-off versus Erik Haula in neutral zone.
19:03 of 2nd period - Joel Farabee is hit by Alex Killorn.
19:09 of 2nd period - Shot by Drake Batherson.
19:09 of 2nd period - Shot Misses the Net.
19:23 of 2nd period - Shot by Drake Batherson.
19:23 of 2nd period - Stopped by Jaroslav Halak with a rebound.
19:25 of 2nd period - Shot by Eetu Luostarinen.
19:25 of 2nd period - Shot Misses the Net.
19:27 of 2nd period - Shot by Drake Batherson.
19:27 of 2nd period - Goal by Drake Batherson - SAN DIEGO THUNDER : 1 - ANCHORAGE ACES : 3.
19:28 of 2nd period - Radek Faksa wins face-off versus Phillip Danault in neutral zone.
Goals for this period are 1 for SAN DIEGO THUNDER vs 1 for ANCHORAGE ACES.
Shots for this period are 8 for SAN DIEGO THUNDER vs 6 for ANCHORAGE ACES.

3rd period


0:01 of 3rd period - Wyatt Johnston wins face-off versus Phillip Danault in neutral zone.
0:26 of 3rd period - Shot by Nathan MacKinnon.
0:26 of 3rd period - Shot Misses the Net.
1:42 of 3rd period - Erik Haula is hit by Connor Murphy and loses puck.
1:47 of 3rd period - Shot by Alex Killorn.
1:47 of 3rd period - Stopped by Connor Hellebuyck without a rebound.
1:48 of 3rd period - Luke Kunin wins face-off versus Connor McDavid in SAN DIEGO THUNDER zone.
1:53 of 3rd period - Luke Kunin is hit by Alexander DeBrincat and loses puck.
2:04 of 3rd period - Shot by Radek Faksa.
2:04 of 3rd period - Stopped by Jaroslav Halak without a rebound.
2:05 of 3rd period - Wyatt Johnston wins face-off versus Erik Haula in ANCHORAGE ACES zone.
3:11 of 3rd period - Shot by Chris Kreider.
3:11 of 3rd period - Stopped by Connor Hellebuyck without a rebound.
3:12 of 3rd period - Marcus Johansson wins face-off versus Joel Farabee in SAN DIEGO THUNDER zone.
3:45 of 3rd period - Shot by Drake Batherson.
3:45 of 3rd period - Deflect By Joel Farabee.
3:45 of 3rd period - Shot Blocked by Jani Hakanpaa.
3:47 of 3rd period - Shot by Joel Farabee.
3:47 of 3rd period - Stopped by Jaroslav Halak without a rebound.
3:48 of 3rd period - Radek Faksa wins face-off versus Connor McDavid in ANCHORAGE ACES zone.
3:48 of 3rd period - Luke Kunin is hit by Jakob Chychrun and loses puck.
3:57 of 3rd period - Shot by Chris Kreider.
3:57 of 3rd period - Goal by Chris Kreider - SAN DIEGO THUNDER : 1 - ANCHORAGE ACES : 4.
3:58 of 3rd period - Erik Haula wins face-off versus Mark Kastelic in neutral zone.
4:43 of 3rd period - Double Minor Penalty to Seth Jones for High sticking.
4:44 of 3rd period - Phillip Danault wins face-off versus Drake Batherson in ANCHORAGE ACES zone.
5:03 of 3rd period - Shot by Alex Killorn.
5:03 of 3rd period - Stopped by Connor Hellebuyck without a rebound.
5:04 of 3rd period - Phillip Danault wins face-off versus Wyatt Johnston in SAN DIEGO THUNDER zone.
5:05 of 3rd period - Shot by Alex Killorn.
5:05 of 3rd period - Shot Misses the Net.
5:34 of 3rd period - Icing by Connor Murphy.
5:35 of 3rd period - Phillip Danault wins face-off versus Wyatt Johnston in SAN DIEGO THUNDER zone.
6:08 of 3rd period - Off-side.
6:09 of 3rd period - Phillip Danault wins face-off versus Drake Batherson in neutral zone.
6:21 of 3rd period - Shot by Alex Killorn.
6:21 of 3rd period - Shot Misses the Net.
6:44 of 3rd period - Shot by Erik Haula.
6:44 of 3rd period - Shot Blocked by Charles McAvoy.
6:46 of 3rd period - Shot by Yegor Sharangovich.
6:46 of 3rd period - Stopped by Connor Hellebuyck without a rebound.
6:47 of 3rd period - Phillip Danault wins face-off versus Wyatt Johnston in SAN DIEGO THUNDER zone.
7:12 of 3rd period - Jani Hakanpaa is hit by Filip Zadina and loses puck.
7:44 of 3rd period - Charles McAvoy is hit by Phillip Danault and loses puck.
10:31 of 3rd period - Shot by Marcus Johansson.
10:31 of 3rd period - Goal by Marcus Johansson - SAN DIEGO THUNDER : 1 - ANCHORAGE ACES : 5.
10:32 of 3rd period - Phillip Danault wins face-off versus Filip Zadina in neutral zone.
12:03 of 3rd period - Shot by Drake Batherson.
12:03 of 3rd period - Stopped by Jaroslav Halak without a rebound.
12:04 of 3rd period - Erik Haula wins face-off versus Eetu Luostarinen in ANCHORAGE ACES zone.
12:35 of 3rd period - Shot by Erik Haula.
12:35 of 3rd period - Shot Misses the Net.
13:22 of 3rd period - Shot by Isac Lundestrom.
13:22 of 3rd period - Shot Blocked by Jack Johnson.
13:29 of 3rd period - Minor Penalty to Jani Hakanpaa for Hooking.
13:30 of 3rd period - Phillip Danault wins face-off versus Wyatt Johnston in ANCHORAGE ACES zone.
14:44 of 3rd period - Shot by Charles McAvoy.
14:44 of 3rd period - Stopped by Jaroslav Halak without a rebound.
14:45 of 3rd period - Phillip Danault wins face-off versus Drake Batherson in ANCHORAGE ACES zone.
15:58 of 3rd period - Shot by Joel Armia.
15:58 of 3rd period - Shot Misses the Net.
16:00 of 3rd period - Shot by Joel Armia.
16:00 of 3rd period - Deflect By Mark Kastelic.
16:00 of 3rd period - Shot Blocked by Jani Hakanpaa.
16:02 of 3rd period - Shot by Steven Lorentz.
16:02 of 3rd period - Shot Misses the Net.
16:58 of 3rd period - Shot by Erik Haula.
16:58 of 3rd period - Shot Misses the Net.
17:00 of 3rd period - Shot by Sheldon Dries.
17:00 of 3rd period - Shot Misses the Net.
17:50 of 3rd period - Shot by Wyatt Johnston.
17:50 of 3rd period - Shot Misses the Net.
18:21 of 3rd period - Shot by Connor Murphy.
18:21 of 3rd period - Stopped by Jaroslav Halak without a rebound.
18:22 of 3rd period - Eetu Luostarinen wins face-off versus Erik Haula in ANCHORAGE ACES zone.
18:39 of 3rd period - Icing by Filip Hronek.
18:40 of 3rd period - Radek Faksa wins face-off versus Erik Haula in ANCHORAGE ACES zone.
18:47 of 3rd period - Shot by Erik Haula.
18:47 of 3rd period - Stopped by Connor Hellebuyck without a rebound.
18:48 of 3rd period - Connor McDavid wins face-off versus Wyatt Johnston in SAN DIEGO THUNDER zone.
18:57 of 3rd period - Shot by Alexander DeBrincat.
18:57 of 3rd period - Stopped by Connor Hellebuyck without a rebound.
18:58 of 3rd period - Erik Haula wins face-off versus Drake Batherson in SAN DIEGO THUNDER zone.
19:01 of 3rd period - Shot by Erik Haula.
19:01 of 3rd period - Stopped by Connor Hellebuyck without a rebound.
19:02 of 3rd period - Wyatt Johnston wins face-off versus Erik Haula in SAN DIEGO THUNDER zone.
19:02 of 3rd period - Dmitri Voronkov is hit by Yegor Sharangovich and loses puck.
19:06 of 3rd period - Connor Murphy is hit by Alex Killorn and loses puck.
19:11 of 3rd period - Shot by Connor Murphy.
19:11 of 3rd period - Shot Misses the Net.
19:13 of 3rd period - Shot by Wyatt Johnston.
19:13 of 3rd period - Shot Misses the Net.
Goals for this period are 0 for SAN DIEGO THUNDER vs 2 for ANCHORAGE ACES.
Shots for this period are 5 for SAN DIEGO THUNDER vs 9 for ANCHORAGE ACES.


OWEN
TIPPETT
GUSTAV
FORSLING
MATTHEW
BOLDY

EAST COAST

HOCKEY LEAGUE

  • 67.PIT4RHI2
  • 68.ATL5WOR3
  • 69.QUECHW
  • 70.CHATRV